 Dungeon Crawl Stone Soup version 0.20.1-1-g8b1a95d (webtiles) character file.

2266 LeVisiteur the Chucker (level 9, -17/74 HPs)
             Began as a Centaur Chaos Knight on July 31, 2017.
             Demolished by a white ugly thing (21 damage)
             ... on level 7 of the Dungeon on Aug 1, 2017.
             The game lasted 00:36:00 (4697 turns).

LeVisiteur the Chucker (Centaur Chaos Knight)       Turns: 4697, Time: 00:36:01

Health: -17/74     AC: 13    Str: 17    XL:     9   Next: 16%
Magic:  9/9        EV: 10    Int: 11    God:    Xom [..*...]
Gold:   81         SH:  0    Dex: 10    Spells: 8/8 levels left

rFire    . . .     SeeInvis .   F - +0 dire flail (freeze)
rCold    . . .     Gourm    .   (shield currently unavailable)
rNeg     . . .     Faith    .   b - +2 leather armour
rPois    .         Spirit   .   (no helmet)
rElec    .         Reflect  .   w - +2 cloak
rCorr    .         Harm     .   p - +0 pair of gloves
MR       .....                  (no barding)
Stlth    +.........             (no amulet)
Regen    0.3/turn               (no ring)
MPRegen  0.2/turn               (no ring)

@: very quick
A: hooves 3, icy blue scales 1, blurry vision 2, deformed body, speed 2, tough
skin 3
a: Renounce Religion


You were on level 7 of the Dungeon.
You worshipped Xom.
You were a toy of Xom.
You were not hungry.

You visited 1 branch of the dungeon, and saw 7 of its levels.

You collected 393 gold pieces.
You spent 312 gold pieces at shops.

Inventory:

Hand Weapons
 a - a +0 falchion of chaos
 s - a +6 club
 u - a +4 antimagic flail
 F - a +0 dire flail of freezing (weapon)
Missiles
 d - 113 stones (quivered)
 e - 18 bolts
 E - a throwing net
 G - 4 poisoned tomahawks
Armour
 b - a +2 leather armour (worn)
 p - a +0 pair of gloves (worn)
 w - a +2 cloak (worn)
Jewellery
 h - a +5 ring of evasion
 l - an uncursed ring of wizardry {unknown}
 o - an uncursed amulet of the gourmand {unknown}
Wands
 n - a wand of polymorph (3/24)
 D - a wand of random effects (16/48)
Scrolls
 f - a scroll of immolation {unknown}
 m - 3 scrolls of identify
 q - 6 scrolls of teleportation {unknown}
 v - 2 scrolls of remove curse {unknown}
 x - 2 scrolls of blinking {unknown}
 B - a scroll of random uselessness {unknown}
 H - a scroll of recharging {unknown}
Potions
 g - 5 potions of curing {unknown}
 i - a potion of berserk rage {unknown}
 j - 3 potions of mutation {unknown}
 k - a potion of heal wounds {unknown}
 r - a potion of cancellation {unknown}
 t - a potion of invisibility {unknown}
 A - a potion of agility {unknown}
Comestibles
 c - 4 bread rations
 z - a meat ration
 C - 3 royal jellies


   Skills:
 + Level 5.2 Fighting
 - Level 6.2 Long Blades
 * Level 3.4 Maces & Flails
 + Level 6.8 Throwing
 + Level 2.4 Armour
 + Level 3.0 Dodging
 + Level 1.9 Stealth
 + Level 0.3 Evocations


You had 8 spell levels left.
You didn't know any spells.

Dungeon Overview and Level Annotations

Branches:
Dungeon (7/15)
 Temple: D:4-7

Altars:
Ashenzari
Cheibriados
Makhleb
Ru
Yredelemnul

Shops:
D:6 ?*(?

Annotations:
D:4 Menkaure


Innate Abilities, Weirdness & Mutations

You have hooves in place of feet.
Armour fits poorly on your strangely shaped body.
You cover ground very quickly.
You have extremely tough skin. (AC +3)
You are partially covered in icy blue scales. (AC +2)
Scrolls take you longer to read.


Message History

The ogre is heavily wounded.
The ogre hits you but does no damage.
You hit the ogre. You freeze the ogre.
The ogre is severely wounded.
The white ugly thing kicks you! The white ugly thing freezes you!!
A shower of butterflies erupts from you!
The ogre barely misses you.
Things that are here:
a stone; an iguana corpse You sock the white ugly thing!
You freeze the white ugly thing. You kick the white ugly thing.
The white ugly thing is moderately wounded.
The ogre hits you with a giant spiked club!!
* * * LOW HITPOINT WARNING * * *
A shower of butterflies erupts from you!
The white ugly thing kicks you.
* * * LOW HITPOINT WARNING * * *
The white ugly thing freezes you!!
You die...
Xom chortles!

#.#.###.# #.#..##.#
###.##)##.#
#.......#.# .
#.#.#.#.#.# ..
#.#.#.#.#.######...
# #...#.....b......
#####..b.b.......
....'...u@(b..#
#####..bO.bb.((..
#...b.....###
#.........#
#.......(.#
#.....##### ......#
....>..#


You could see a white ugly thing and an ogre.

Vanquished Creatures
  Pikel (D:4)
  Grinder (D:3)
  Edmund (D:5)
  A water moccasin (D:7)
  A phantom (D:7)
  An ice beast (D:5)
  A boggart (D:3)
  An ogre (D:5)
  2 bullfrogs (D:7)
  A water moccasin skeleton (D:5)
  3 wights (D:6)
  3 crimson imps
  2 howler monkeys (D:7)
  2 hounds
  An orc priest (D:6)
  A jelly (D:5)
  An iguana (D:7)
  Ijyb (D:3)
  Natasha (D:3)
  2 orc wizards
  5 worker ants
  Terence (D:3)
  A hound zombie (D:5)
  8 adders
  A shadow imp (D:5)
  3 oozes
  An adder skeleton (D:5)
  2 worms (D:2)
  4 leopard geckos
  15 orcs
  A giant cockroach (D:1)
  3 hobgoblins
  4 jackals
  9 kobolds
  3 quokkas
  A ball python (D:2)
  8 bats
  5 frilled lizards
  11 goblins
  A jackal skeleton (D:6)
  2 leopard gecko skeletons
  6 rats
  A spectral orc (D:4)
124 creatures vanquished.

Vanquished Creatures (collateral kills)
  A giant cockroach (D:3)
1 creature vanquished.

Vanquished Creatures (others)
  An orc wizard (D:4)
  A worm (D:3)
  A fire vortex (D:4)
3 creatures vanquished.

Grand Total: 128 creatures vanquished

Notes
Turn   | Place    | Note
-------+----------+-------------------------------------------
     0 | D:1      | LeVisiteur the Centaur Chaos Knight began the quest for the Orb.
     0 | D:1      | Reached XP level 1. HP: 19/19 MP: 1/1
    85 | D:1      | Reached XP level 2. HP: 21/26 MP: 2/2
   292 | D:1      | XOM: silly message
   405 | D:1      | Reached XP level 3. HP: 26/31 MP: 3/3
   422 | D:1      | XOM: harmless Hex miscast
   671 | D:1      | XOM: confuse monster(s)
   809 | D:1      | XOM: mild Chrm miscast
  1116 | D:2      | Reached skill level 1 in Dodging
  1116 | D:2      | Reached XP level 4. HP: 31/40 MP: 4/4
  1233 | D:2      | Found a burning altar of Makhleb.
  1233 | D:2      | Found a sacrificial altar of Ru.
  1365 | D:2      | Reached skill level 1 in Throwing
  1418 | D:2      | XOM: mild Erth miscast
  1758 | D:3      | Noticed Ijyb
  1832 | D:3      | Killed Ijyb
  1832 | D:3      | Reached XP level 5. HP: 46/46 MP: 5/5
  2075 | D:3      | Noticed Terence
  2086 | D:3      | Killed Terence
  2097 | D:3      | Noticed Grinder
  2103 | D:3      | XOM: cast spell 'Summon Ice Beast'
  2107 | D:3      | Paralysed by Grinder for 6 turns
  2115 | D:3      | Paralysed by Grinder for 3 turns
  2117 | D:3      | XOM: summons friendly ufetubus
  2125 | D:3      | Killed Grinder
  2125 | D:3      | Reached XP level 6. HP: 18/52 MP: 6/6
  2133 | D:3      | XOM: give mutations
  2133 | D:3      | Gained mutation: You are partially covered in icy blue scales. (AC +2) [Xom's mischief]
  2133 | D:3      | Gained mutation: Scrolls take you a little longer to read. [Xom's mischief]
  2133 | D:3      | Gained mutation: Scrolls take you longer to read. [Xom's mischief]
  2286 | D:3      | XOM: polymorph ufetubus -> crimson imp
  2364 | D:3      | XOM: mild Summ miscast
  2473 | D:3      | Found a runed door.
  2477 | D:3      | Noticed Crazy Yiuf
  2480 | D:3      | Noticed Crazy Yiuf
  2480 | D:3      | Crazy Yiuf changed into Crazy Yiuf the boggart
  2482 | D:3      | Killed Crazy Yiuf the boggart
  2528 | D:3      | Noticed Natasha
  2528 | D:3      | XOM: noise
  2538 | D:3      | Killed Natasha
  2580 | D:4      | Noticed a slave
  2581 | D:4      | Noticed Pikel
  2581 | D:4      | Noticed a slave
  2581 | D:4      | Noticed a slave
  2583 | D:4      | Noticed a slave
  2598 | D:4      | Killed Pikel
  2598 | D:4      | Reached skill level 5 in Long Blades
  2598 | D:4      | Reached skill level 1 in Stealth
  2598 | D:4      | Reached XP level 7. HP: 36/60 MP: 7/7
  2631 | D:4      | XOM: mild Fire miscast
  2739 | D:4      | Reached skill level 5 in Throwing
  2787 | D:4      | XOM: god gift: scroll labeled LIFIXZI NERCHAC {god gift}
  2817 | D:4      | Found a basalt altar of Yredelemnul.
  2846 | D:4      | Noticed Menkaure
  2871 | D:5      | Entered Level 5 of the Dungeon
  2967 | D:5      | Reached XP level 8. HP: 65/67 MP: 8/8
  3471 | D:5      | Noticed Edmund
  3485 | D:5      | Killed Edmund
  3642 | D:6      | XOM: silly message
  3692 | D:6      | XOM: harmless Chrm miscast
  3720 | D:6      | Reached skill level 5 in Fighting
  3720 | D:6      | Reached skill level 1 in Maces & Flails
  3924 | D:6      | Found a shattered altar of Ashenzari.
  3943 | D:6      | XOM: noise
  4055 | D:6      | Found Ecvetuv's Magic Scroll Boutique.
  4061 | D:6      | Bought a scroll of identify for 26 gold pieces
  4061 | D:6      | Bought a scroll of identify for 26 gold pieces
  4061 | D:6      | Bought a scroll of brand weapon for 260 gold pieces
  4126 | D:6      | Found Reik's General Store.
  4160 | D:6      | Found Fuih's Weapon Shoppe.
  4170 | D:6      | Found Odeim's Magic Scroll Shoppe.
  4235 | D:6      | Found a snail-covered altar of Cheibriados.
  4322 | D:7      | XOM: confuse monster(s)
  4360 | D:7      | XOM: cast spell 'Olgreb's Toxic Radiance'
  4507 | D:7      | Reached XP level 9. HP: 53/74 MP: 9/9
  4690 | D:7      | Noticed a white ugly thing
  4695 | D:7      | XOM: butterfly on damage
  4697 | D:7      | XOM: butterfly on damage
  4697 | D:7      | Demolished by a white ugly thing

Skill      XL: |  1  2  3  4  5  6  7  8  9 |
---------------+----------------------------+-----
Long Blades    | 3 4 5 6 |  6.2
Dodging        | 1 2 3 |  3.0
Throwing       | 1 3 4 5 6 |  6.8
Fighting       | 4 5 |  5.2
Armour         | 2 |  2.4
Stealth        | 1 |  1.9
Maces & Flails | 2 3 |  3.4
Evocations     | |  0.3

Action                   |  1- 3 |  4- 6 |  7- 9 || total
-------------------------+-------+-------+-------++-------
Melee: Falchion          |    86 |   131 |    89 ||   306
       Kick              |    12 |    24 |    48 ||    84
       Dire flail        |       |       |   123 ||   123
Throw: Stone             |    58 |    93 |   147 ||   298
Evoke: Wand              |       |       |     5 ||     5
  Use: Potion            |     1 |       |       ||     1
       Scroll            |       |     1 |     4 ||     5
 Stab: Paralysed         |       |     5 |       ||     5
       Confused          |       |       |     2 ||     2
  Eat: Chunk             |       |     2 |     1 ||     3
       Bread ration      |       |     1 |       ||     1
       Meat ration       |       |       |     1 ||     1
Armor: Leather armour    |    76 |    53 |    91 ||   220
       Skin              |     4 |     2 |       ||     6
Dodge: Dodged            |    51 |    46 |   105 ||   202
       Rpst.: Falchion   |    12 |    14 |     5 ||    31
